 Dungeon Crawl Stone Soup version 0.27.1-33-g824d729ab1 (webtiles) character file.

Game seed: 3391597812374268451

2368 klutch the Stinger (level 9, -3/55 HPs)
             Began as an Octopode Venom Mage on Dec 6, 2021.
             Was a Follower of Makhleb.
             Killed from afar by Maggie (21 damage)
             ... with a bolt of fire
             ... on level 6 of the Dungeon.
             The game lasted 00:44:23 (8648 turns).

klutch the Stinger (Octopode Venom Mage)            Turns: 8648, Time: 00:44:26

Health: -3/55      AC:  6    Str: 11    XL:     9   Next: 44%
Magic:  16/16      EV: 13    Int: 17    God:    Makhleb [*.....]
Gold:   246        SH:  0    Dex: 12    Spells: 13/17 levels left

rFire    . . .     SeeInvis +   p - +1 dagger (venom)
rCold    + . .     Faith    .   (no shield)
rNeg     . . .     Spirit   .   g - +1 hat
rPois    .         Reflect  .   y - amulet of regeneration
rElec    .         Harm     .   b - ring of protection from cold
rCorr    +         Rampage  .   n - ring of willpower
Will     +....                  t - ring of see invisible
Stlth    +++.......             B - ring of resist corrosion
HPRegen  1.18/turn              z - +4 ring of protection
MPRegen  0.15/turn              (no ring)
                                (no ring)
                                (no ring)

@: no status effects
A: almost no armour, amphibious, 8 rings, camouflage 1, gelatinous body 1,
(nimble swimmer 1), tentacles
a: Renounce Religion


You were on level 6 of the Dungeon.
You worshipped Makhleb.
Makhleb was aware of your devotion.
You visited 2 branches of the dungeon, and saw 7 of its levels.

You collected 246 gold pieces.

Inventory:

Hand Weapons
 d - a +0 dagger
 o - a +2 quarterstaff of chaos
 p - a +1 dagger of venom (weapon)
 r - a +7 dire flail of holy wrath
Missiles
 h - 6 javelins
 k - 24 poisoned darts
 l - 4 boomerangs (quivered)
Armour
 g - a +1 hat (worn)
Magical Staves
 c - a staff of death
Jewellery
 b - a ring of protection from cold (left tentacle)
 n - a ring of willpower (right tentacle)
 t - a ring of see invisible (on tentacle)
 y - an amulet of regeneration (around mantle)
 z - a +4 ring of protection (on tentacle)
 B - a ring of resist corrosion (on tentacle)
Wands
 i - a wand of acid (12)
Scrolls
 e - 7 scrolls of identify
 s - a scroll of fog
 A - 2 scrolls of blinking {unknown}
Potions
 a - 3 potions of curing {unknown}
 f - 3 potions of lignification
 j - a potion of ambrosia
 m - 2 potions of heal wounds
 q - 2 potions of brilliance {unknown}
 u - a potion of haste
 w - a potion of resistance {unknown}
 x - a potion of cancellation {unknown}


   Skills:
 + Level 2.4 Fighting
 + Level 2.6 Short Blades
 + Level 5.5 Throwing
 + Level 3.3 Dodging
 - Level 2.7 Stealth
 + Level 4.8 Spellcasting
 * Level 5.2 Conjurations
 + Level 3.9 Transmutations
 + Level 1.5 Air Magic
 + Level 6.8 Poison Magic


You had 13 spell levels left.
You knew the following spells:

 Your Spells              Type           Power      Damage    Failure   Level
a - Sting                 Tmut/Pois      88%        1d7       1%          1
b - Mephitic Cloud        Conj/Pois/Air  19%        N/A       7%          3

Your spell library contained the following spells:

 Spells                   Type           Power      Damage    Failure   Level
 Beastly Appendage        Tmut           34%        N/A       3%          1
 Poisonous Vapours        Pois/Air       36%        N/A       4%          2
 Wereblood                Tmut           17%        N/A       4%          2
 Spider Form              Tmut/Pois      11%        N/A       4%          3
 Olgreb's Toxic Radiance  Pois           27%        N/A       9%          4
 Animate Skeleton         Necr           8%         N/A       14%         1
 Pain                     Necr           16%        1d4       14%         1
 Slow                     Hex            4%         N/A       22%         2
 Confusing Touch          Hex            4%         N/A       41%         3
 Vampiric Draining        Necr           2%         2d6       41%         3
 Blade Hands              Tmut           8%         N/A       63%         5
 Yara's Violent Unravell  Hex/Tmut       5%         3d4       88%         5
 Agony                    Necr           4%         N/A       99%         5
 Excruciating Wounds      Necr           2%         N/A       99%         5
 Iron Shot                Conj/Erth      6%         9d2       100%        6
 Animate Armour           Summ/Erth      Unusable   N/A       N/A         4

Dungeon Overview and Level Annotations

Branches:
Dungeon (6/15)             Temple (1/1) D:4

Altars:
Ashenzari
Cheibriados
Elyvilon
Fedhas
Gozag
Hepliaklqana
Kikubaaqudgha
Makhleb
Nemelex Xobeh
Qazlal
Ru
Sif Muna
Wu Jian
Yredelemnul
Zin
Lugonu

Shops:
D:3 *

Portals:
Abyss: D:3

Annotations:
D:3 General Store, Long Sword art
D:6 Maggie


Innate Abilities, Weirdness & Mutations

You cannot wear most types of armour.
You are amphibious.
You can wear up to eight rings at the same time.
Your skin changes colour to match your surroundings (Stealth+).
Your rubbery body absorbs attacks. (AC +1, EV +1)
((You are camouflaged near water. (Stealth+)))
You have tentacles for arms and can constrict up to eight enemies at once.


Message History

Maggie is lightly wounded.
Maggie points at you and mumbles some strange words.
The bolt of fire hits you!!
* * * LOW HITPOINT WARNING * * *
As you read the scroll of summoning, it crumbles to dust.
Wisps of shadow whirl around you...
Maggie hits you with a +2 glaive of freezing.
* * * LOW HITPOINT WARNING * * *
Maggie closely misses you.
Maggie mumbles some strange words.
Maggie attempts to bespell you! You resist with some effort.
Your water moccasin bites Maggie.
You swap places.
Your orc hits Maggie but does no damage.
What are your orders? t - Shout!
Orders for allies: a - Attack new target. p - Attack previous target. r - Retreat! s - Stop attacking. g - Guard the area. f - Follow me.
Anything else - Cancel.
Gang up on whom?
Press: ? - help, Dir - move target, f/p - Maggie
Aim: Maggie, wielding a +2 glaive of freezing and wearing +0 swamp dragon scales (lightly wounded, fast, ally target) Attack!
Maggie hits you from afar with a +2 glaive of freezing.
* * * LOW HITPOINT WARNING * * *
Your water moccasin bites Maggie.
Maggie is poisoned.
Your water moccasin poisons Maggie!
Maggie gestures wildly while chanting.
Maggie attempts to bespell you!
You easily resist.
Your water moccasin bites Maggie but does no damage.
Your orc misses Maggie. Something barely misses your orc.
Your adder bites Maggie.
Maggie gestures at you while chanting. The bolt of fire hits your adder!
Your adder dies!
Your adder's corpse dissolves into shadows!
The bolt of fire hits you!!
You die...

#.###.# #.# #[###.# #.#
#.#...# #### #.###.#.####
#.# #.. #.#...#....###
.^.#.### #S# #.#.######....
...#...# #.# #[#.##...'....
...#...#
#@#####.#.##.###....
(..#...#######o.@).....##.#
#....
...#>..+.....#######.####.#
####.
...#...#.###.......#.#....#
## ...#...#)#
#.......#.#.#### ##.
)..#)#...#
#.......#.#.########..
).).)#####
#.......#.#...........
######
#.......#.##########.P
...... #.......#'### ##.
...... #...........# #.


You could see Maggie (fast, very poisoned) and a friendly orc (summoned).

Vanquished Creatures
  Grinder (D:4)
  Sigmund (D:5)
  Menkaure (D:6)
  Edmund (D:5)
  A water moccasin (D:5)
  Duvessa (D:5)
  An orc warrior (D:6)
  Purgy (D:3)
  A black bear (D:5)
  2 ogres
  A phantom (D:5)
  A bullfrog (D:6)
  A scorpion (D:4)
  Dowan (D:5)
  6 hounds
  Crazy Yiuf (D:2)
  A bullfrog skeleton (D:6)
  3 orc priests
  A gnoll shaman (D:6)
  4 iguanas
  A centaur skeleton (D:5)
  Terence (D:2)
  6 orc wizards
  7 gnolls
  5 adders
  An ufetubus (D:6)
  A worm (D:4)
  3 dart slugs
  21 orcs
  8 ball pythons
  6 endoplasms
  3 giant cockroaches
  8 goblins
  6 hobgoblins
  2 jackals
  8 kobolds
  3 quokkas
  7 bats
  3 frilled lizards (D:1)
  6 rats
137 creatures vanquished.

Vanquished Creatures (others)
  13 plants (D:6)
13 creatures vanquished.

Grand Total: 150 creatures vanquished

Notes
Turn   | Place    | Note
-------+----------+-------------------------------------------
     0 | D:1      | klutch the Octopode Venom Mage began the quest for the Orb.
     0 | D:1      | Reached XP level 1. HP: 11/11 MP: 3/3
   589 | D:1      | Reached XP level 2. HP: 17/17 MP: 1/5
  1138 | D:1      | Reached skill level 4 in Poison Magic
  1138 | D:1      | Reached XP level 3. HP: 21/21 MP: 3/6
  1322 | D:1      | Reached skill level 1 in Throwing
  1798 | D:2      | Found a runed translucent door.
  1799 | D:2      | Noticed Crazy Yiuf
  1857 | D:2      | Noticed an ogre
  1901 | D:2      | Killed an ogre
  1902 | D:2      | Reached skill level 1 in Conjurations
  1902 | D:2      | Reached XP level 4. HP: 22/27 MP: 4/8
  1902 | D:2      | Reached XP level 5. HP: 25/31 MP: 4/9
  2370 | D:2      | Noticed Terence
  2394 | D:2      | Killed Terence
  2700 | D:2      | Killed Crazy Yiuf
  2701 | D:2      | Reached skill level 1 in Short Blades
  2778 | D:3      | Found Wif Kutemo's General Store.
  2808 | D:3      | Reached XP level 6. HP: 10/37 MP: 5/10
  3108 | D:3      | Noticed Purgy
  3162 | D:3      | Killed Purgy
  3447 | D:3      | Learned a level 3 spell: Mephitic Cloud
  3451 | D:3      | Found a broken altar of Ashenzari.
  3555 | D:3      | Found a large runed translucent door.
  3558 | D:3      | Found a large runed translucent door.
  3559 | D:3      | Found a corrupted altar of Lugonu.
  3612 | D:3      | Found a one-way gate to the infinite horrors of the Abyss.
  4001 | D:4      | Reached skill level 5 in Poison Magic
  4001 | D:4      | Reached XP level 7. HP: 30/42 MP: 6/12
  4086 | D:4      | Found a staircase to the Ecumenical Temple.
  4090 | Temple   | Entered the Ecumenical Temple
  4598 | Temple   | Became a worshipper of Makhleb the Destroyer
  4834 | D:4      | Found a basalt altar of Yredelemnul.
  5158 | D:4      | Noticed Grinder
  5187 | D:4      | Killed Grinder
  5188 | D:4      | Reached skill level 1 in Fighting
  5398 | D:4      | Reached XP level 8. HP: 33/48 MP: 11/14
  5708 | D:4      | Found a snail-covered altar of Cheibriados.
  6117 | D:5      | Entered Level 5 of the Dungeon
  6208 | D:5      | Reached skill level 6 in Poison Magic
  6219 | D:5      | Reached * piety under Makhleb
  6508 | D:5      | Noticed Edmund
  6694 | D:5      | Killed Edmund
  7282 | D:5      | Noticed Sigmund
  7290 | D:5      | Killed Sigmund
  7291 | D:5      | Reached skill level 5 in Throwing
  7291 | D:5      | Reached skill level 1 in Air Magic
  7291 | D:5      | Reached XP level 9. HP: 54/54 MP: 3/15
  7291 | D:5      | Noticed Dowan
  7291 | D:5      | Noticed Duvessa
  7317 | D:5      | Killed Duvessa
  7592 | D:5      | Found a blossoming altar of Fedhas.
  7845 | D:5      | Killed Dowan
  7954 | D:6      | HP: 1/55 [orc (2)]
  8233 | D:6      | Noticed Menkaure
  8242 | D:6      | Killed Menkaure
  8243 | D:6      | Reached skill level 5 in Conjurations
  8445 | D:6      | Found a sacrificial altar of Ru.
  8560 | D:6      | Found a hazy altar of Hepliaklqana.
  8635 | D:6      | Noticed Maggie
  8648 | D:6      | Killed from afar by Maggie

Illustrated notes

Levels and vault maps discovered:
D:1:      minmay_arrival_shattered_statue, layout_basic,
          chequers_decorated_corner, due_unseen_surprise
D:2:      layout_rooms, minmay_ruptured, uniq_crazy_yiuf_cottage, uniq_terence
D:3:      due_chaos_kobolds, layout_rooms, ashenzari_conservatory_becter,
          serial_shops, shop, uniq_purgy
D:4:      layout_basic, lemuel_round_altar, minmay_temple_entry_proselytizer,
          minmay_ruined_shrine, uniq_grinder
D:5:      layout_gridville, mainiacjoe_overflow_alcove_4, uniq_edmund,
          uniq_sigmund, uniq_duvessa
D:6:      layout_basic, mainiacjoe_overflow_small_starburst,
          nicolae_uskayaw_dance_hall, nicolae_hepliaklqana_hazy_memory,
          uniq_maggie, uniq_menkaure
Temple:   jpeg_temple_island

Skill      XL: |  1  2  3  4  5  6  7  8  9 |
---------------+----------------------------+-----
Poison Magic   | 4 5 6 |  6.8
Throwing       | 2 3 5 |  5.5
Conjurations   | 1 2 3 4 5 |  5.2
Transmutations | 2 3 |  3.9
Short Blades   | 1 2 |  2.6
Spellcasting   | 3 4 |  4.8
Fighting       | 1 2 |  2.4
Dodging        | 3 |  3.3
Air Magic      | 1 |  1.5
Stealth        | |  2.7

Action                   |  1- 3 |  4- 6 |  7- 9 || total
-------------------------+-------+-------+-------++-------
Melee: Unarmed           |     4 |       |       ||     4
       Dagger            |    13 |    21 |   165 ||   199
       Constrict         |     5 |     5 |    42 ||    52
       Tentacles         |       |     1 |    25 ||    26
Throw: Stone             |    62 |     9 |       ||    71
       Boomerang         |       |    48 |   107 ||   155
 Cast: Sting             |    37 |    50 |    46 ||   133
       Mephitic Cloud    |       |     4 |    18 ||    22
  Use: Scroll            |     2 |     5 |     5 ||    12
       Potion            |       |     1 |     2 ||     3
 Stab: Confused          |       |     2 |     8 ||    10
Armor: Skin              |       |     3 |    15 ||    18
Dodge: Dodged            |    21 |    32 |    87 ||   140
